 Dungeon Crawl Stone Soup version 0.28.0 (webtiles) character file.

Game seed: 12016808151593564057

14844 Gabide the Slinger (level 11, -2/97 HPs)
             Began as a Demigod Hunter on Feb 4, 2022.
             Shot with an arrow by a centaur warrior (24 damage)
             ... on level 13 of the Dungeon.
             The game lasted 00:22:35 (13843 turns).

Gabide the Slinger (Demigod Hunter)                Turns: 13843, Time: 00:22:35

Health: -2/97      AC: 12    Str: 25    XL:     11   Next: 63%
Magic:  14/14      EV: 15    Int: 13    God:
Gold:   786        SH:  0    Dex: 23    Spells: 10/10 levels left

rFire   x . .      SeeInvis .   a - +3 hunting sling
rCold   + . .      Faith    .   (no shield)
rNeg    . . .      Spirit   .   B - +4 ring mail of Freedom {Dex+3}
rPois   +          Reflect  .   z - +0 helmet
rElec   .          Harm     .   u - +0 cloak
rCorr   .          Rampage  .   (no gloves)
Will    +....                   (no boots)
Stlth   ++........              x - amulet of regeneration
HPRegen 1.06/turn               r - ring of poison resistance
MPRegen 0.14/turn               c - ring "Jameask" {Ice Contam rPois Dex+6 Slay+5}

@: no status effects
A: high MP 1, forlorn, divine attributes
a: no special abilities


You were on level 13 of the Dungeon.
You visited 2 branches of the dungeon, and saw 14 of its levels.

You collected 786 gold pieces.

Inventory:

Hand Weapons
 a - a +3 hunting sling (weapon)
 A - a +4 dagger
Missiles
 d - 46 sling bullets
 f - 117 stones (quivered ammo)
 i - 2 throwing nets
Armour
 u - a +0 cloak (worn)
 z - a +0 helmet (worn)
 B - the +4 ring mail of Freedom (worn) {Dex+3}
   (You took it off a kobold on level 6 of the Dungeon)

   Dex:       It affects your dexterity (+3).
Jewellery
 c - the ring "Jameask" (right hand) {Ice Contam rPois Dex+6 Slay+5}
   (You acquired it on level 9 of the Dungeon)

   [ring of ice]

   It enhances your ice magic.
   Dex:       It affects your dexterity (+6).
   Slay:      It affects your accuracy & damage with ranged weapons and melee
   (+5).
   rF:        It makes you vulnerable to fire.
   rC:        It protects you from cold.
   rPois:     It protects you from poison.
   Contam:    It causes magical contamination when unequipped.
 r - a ring of poison resistance (left hand)
 x - an amulet of regeneration (around neck)
Wands
 k - a wand of iceblast (17)
 t - a wand of flame (16)
 y - a wand of paralysis (10)
Scrolls
 j - a scroll of fog
 m - a scroll of teleportation
 n - 2 scrolls of torment
 o - 3 scrolls of blinking
 p - 3 scrolls of fear
 C - 5 scrolls of identify
 D - a scroll of enchant weapon
Potions
 b - a potion of cancellation
 e - 2 potions of curing {unknown}
 g - 7 potions of brilliance
 h - a potion of resistance
 l - 3 potions of haste
 q - a potion of degeneration {unknown}
 s - a potion of heal wounds {unknown}
 v - a potion of attraction
 w - a potion of mutation


   Skills:
 + Level 9.4 Fighting
 + Level 13.4 Slings
 + Level 5.9 Armour
 + Level 5.2 Dodging
 + Level 2.9 Stealth


You had 10 spell levels left.
You didn't know any spells.
Your spell library contained the following spells:

 Spells                   Type           Power      Damage    Failure   Level
 Apportation              Tloc           0%         N/A       41%         1
 Freeze                   Ice            0%         1d3       41%         1
 Ensorcelled Hibernation  Hex/Ice        0%         N/A       56%         2
 Frozen Ramparts          Ice            0%         1d2       80%         3
 Spider Form              Tmut/Pois      0%         N/A       80%         3
 Tukima's Dance           Hex            0%         N/A       80%         3
 Anguish                  Hex/Necr       0%         N/A       99%         4
 Animate Armour           Summ/Erth      0%         N/A       99%         4
 Hailstorm                Conj/Ice       0%         3d3       99%         4
 Ice Form                 Ice/Tmut       0%         N/A       99%         4
 Alistair's Intoxication  Tmut/Pois      0%         N/A       100%        5
 Blade Hands              Tmut           0%         N/A       100%        5
 Iron Shot                Conj/Erth      0%         9d1       100%        6
 Simulacrum               Ice/Necr       0%         N/A       100%        6
 Enfeeble                 Hex            0%         N/A       100%        7
 Malign Gateway           Summ/Tloc      0%         N/A       100%        7
 Summon Horrible Things   Summ           0%         N/A       100%        8


Dungeon Overview and Level Annotations

Branches:
Dungeon (13/15)            Temple (1/1) D:5            Lair (0/6) D:8
    Orc (0/2) D:9
 Vaults: D:13-14

Shops:
D:4 [   D:6 (

Portals:
Bailey: D:8

Annotations:
D:10 2 runed translucent doors, exclusion: orange crystal statue


Innate Abilities, Weirdness & Mutations

You have an increased reservoir of magic. (+10% MP)
You shall have no god before yourself.
Your divine heritage dramatically boosts your attributes as you level up.


Message History

You hear a shout!
The centaur warrior wields a +0 longbow.
The centaur warrior shoots an arrow.
The arrow hits you!!
You shoot a stone.
The stone hits the centaur warrior but does no damage.
The centaur warrior is lightly wounded.
The centaur warrior shoots an arrow.
The arrow hits you!
You shoot a stone. The stone hits the centaur warrior!
The centaur warrior is moderately wounded.
The centaur warrior shoots an arrow.
The arrow hits you!
You shoot a stone. The stone hits the centaur warrior!
The centaur warrior is heavily wounded.
The centaur warrior shoots an arrow.
The arrow hits you!!
You are too injured to fight recklessly!
You are too injured to fight recklessly!
You are too injured to fight recklessly!
You are too injured to fight recklessly!
You are too injured to fight recklessly!
You are too injured to fight recklessly!
You are too injured to fight recklessly!
You are too injured to fight recklessly!
You are too injured to fight recklessly!
You are too injured to fight recklessly!
You are too injured to fight recklessly!
Unknown command.
Okay, then.
Fire: 119 stones
Press: ? - help, Q - select action, (/) - cycle Shift-Dir - straight line, f/p - centaur warrior
Aim: a centaur warrior, wielding a +0 longbow and quivering arrows (heavily wounded, 80% to hit)
You shoot a stone. The stone hits the centaur warrior.
The centaur warrior is severely wounded.
The centaur warrior shoots an arrow.
The arrow hits you!!
* * * LOW HITPOINT WARNING * * *
Fire: 118 stones
Press: ? - help, Q - select action, (/) - cycle Shift-Dir - straight line, f/p - centaur warrior
Aim: a centaur warrior, wielding a +0 longbow and quivering arrows (severely wounded, 80% to hit)
You shoot a stone. The stone hits the centaur warrior!
The centaur warrior is almost dead.
The centaur warrior shoots an arrow.
The arrow hits you!!
You die...

### ######### #<#
#≈≈≈≈≈≈≈≈ #.# #≈≈≈≈≈≈≈≈
.######.#########≈≈≈≈(≈≈≈
>..........)...........≈≈
.#c##.###########≈≈≈≈≈..≈
#((..###########≈≈≈≈≈≈.≈
.......@................
.##.#.###########≈≈≈≈≈≈.≈
#. #≈≈≈≈≈≈.. # #≈≈≈≈≈≈≈.
#≈≈≈≈≈≈≈. #≈≈≈≈≈≈≈.
#≈≈≈≈≈≈≈≈ #≈≈≈≈≈≈≈≈


You could see a centaur warrior.

Vanquished Creatures
  A hydra (D:10)
  A boulder beetle (D:11)
  Erica (D:11)
  A two-headed ogre (D:10)
  Nergalle (D:12)
  An ugly thing (D:11)
  2 cyclopes
  A manticore (D:12)
  A gargoyle (D:11)
  A kobold demonologist (D:11)
  A komodo dragon (D:12)
  3 trolls
  A shadow (D:9)
  A wraith (D:7)
  Sigmund (D:4)
  A vampire (D:10)
  4 yaks (D:10)
  A wyvern (D:8)
  A basilisk (D:12)
  A steam dragon (D:6)
  3 vampire mosquitoes
  Menkaure (D:4)
  3 water moccasins
  2 acid dragons
  9 orc warriors
  Pargi (D:4)
  3 necrophages
  2 black bears
  3 ogres
  4 centaurs
  5 kobold brigands
  2 bullfrogs
  3 scorpions
  A water moccasin zombie (D:5)
  A water moccasin skeleton (D:4)
  41 killer bees
  4 wights (D:8)
  3 electric eels (D:13)
  A howler monkey (D:7)
  6 centaur zombies
  6 hounds
  A bullfrog skeleton (D:7)
  2 gnoll shamans
  2 orc priests
  A centaur skeleton (D:6)
  Ijyb (D:5)
  6 orc wizards
  A howler monkey zombie (D:9)
  20 gnolls
  8 adders
  A river rat (D:5)
  A shadow imp (D:5)
  A white imp (D:7)
  2 ufetubi
  An adder skeleton (D:2)
  4 worms
  38 orcs
  6 ball pythons
  4 bats
  4 endoplasms
  5 giant cockroaches
  8 goblins
  5 hobgoblins
  11 jackals
  22 kobolds
  5 quokkas
  5 frilled lizards
  9 rats
304 creatures vanquished.

Notes
Turn   | Place    | Note
-------+----------+-------------------------------------------
     0 | D:1      | Gabide the Demigod Hunter began the quest for the Orb.
     0 | D:1      | Reached XP level 1. HP: 17/17 MP: 3/3
   174 | D:1      | Reached skill level 4 in Slings
   187 | D:1      | Reached XP level 2. HP: 24/24 MP: 4/4
   891 | D:2      | Reached XP level 3. HP: 29/29 MP: 5/5
  1285 | D:1      | HP: 1/28 [gnoll (5)]
  1737 | D:2      | Reached XP level 4. HP: 31/36 MP: 6/6
  1803 | D:2      | Reached skill level 5 in Slings
  1927 | D:2      | Reached skill level 1 in Armour
  2786 | D:4      | Found Wiojawnieca's Antique Armour Emporium.
  2839 | D:4      | Reached XP level 5. HP: 24/41 MP: 7/7
  3198 | D:4      | Noticed Pargi
  3206 | D:4      | Killed Pargi
  3207 | D:4      | Reached skill level 6 in Slings
  3207 | D:4      | Reached XP level 6. HP: 48/50 MP: 8/8
  3971 | D:4      | Noticed Menkaure
  3977 | D:4      | Killed Menkaure
  3978 | D:4      | Reached skill level 1 in Stealth
  4187 | D:4      | Reached XP level 7. HP: 51/57 MP: 9/9
  4192 | D:4      | Reached skill level 7 in Slings
  4340 | D:5      | Entered Level 5 of the Dungeon
  4340 | D:5      | Noticed Sigmund
  4364 | D:4      | Killed Sigmund
  4705 | D:5      | Noticed Ijyb
  4715 | D:5      | Killed Ijyb
  4731 | D:5      | Reached skill level 8 in Slings
  4751 | D:5      | Reached XP level 8. HP: 17/66 MP: 10/10
  4766 | D:5      | Found a staircase to the Ecumenical Temple.
  4769 | Temple   | Entered the Ecumenical Temple
  5805 | D:5      | Reached skill level 9 in Slings
  6315 | D:6      | Found Canosuem's Weapon Shoppe.
  6338 | D:6      | Reached skill level 5 in Fighting
  6489 | D:6      | Paralysed by a centaur for 2 turns
  6607 | D:6      | Identified the +4 ring mail of Freedom {Dex+3}
  6858 | D:6      | Reached XP level 9. HP: 67/74 MP: 11/11
  7080 | D:7      | Reached skill level 10 in Slings
  8485 | D:8      | Found a flagged portal.
  8595 | D:8      | Reached skill level 11 in Slings
  8746 | D:8      | Found a staircase to the Lair.
  9567 | D:9      | Found a staircase to the Orcish Mines.
  9624 | D:9      | Reached XP level 10. HP: 70/84 MP: 13/13
 10235 | D:9      | Reached skill level 12 in Slings
 10878 | D:9      | Identified a scroll of acquirement
 10878 | D:9      | Acquired the ring "Jameask" {Ice Contam rPois Dex+6 Slay+5}
 10882 | D:10     | Entered Level 10 of the Dungeon
 10994 | D:10     | Found a runed translucent door.
 11047 | D:10     | Found a runed translucent door.
 11492 | D:10     | Noticed an eight-headed hydra
 11503 | D:10     | Killed an eight-headed hydra
 11508 | D:10     | Found a runed translucent door.
 11593 | D:10     | Found a runed translucent door.
 11753 | D:10     | Noticed a two-headed ogre
 11760 | D:10     | Killed a two-headed ogre
 11761 | D:10     | Reached skill level 5 in Armour
 11930 | D:10     | Noticed an orange crystal statue
 12029 | D:11     | Noticed Erica
 12046 | D:11     | Killed Erica
 12047 | D:11     | Reached XP level 11. HP: 48/94 MP: 14/14
 12208 | D:11     | Reached skill level 5 in Dodging
 12304 | D:11     | Noticed a boulder beetle
 12330 | D:11     | Killed a boulder beetle
 12797 | D:12     | Reached skill level 13 in Slings
 13082 | D:12     | Noticed Nergalle
 13254 | D:12     | Killed Nergalle
 13837 | D:13     | Noticed a centaur warrior
 13843 | D:13     | Shot with an arrow by a centaur warrior

Illustrated notes

Levels and vault maps discovered:
D:1:      minmay_arrival_semitransparent, layout_rooms, serial_corexii_hall,
          corexii_hall_statues_i, corexii_hall_statues_x, minmay_heptomino_h4
D:2:      layout_basic, hellmonk_ecumenical_altar_crossroads
D:3:      layout_basic, mrwooster_statue_mirror
D:4:      layout_basic, serial_shops, shop_fountains, cheibrodos_gnoll_hut,
          uniq_pargi, uniq_menkaure
D:5:      layout_rooms, minmay_temple_entry_trees, gup_sewer_entry_spiral,
          grunt_decor_mini_mirrors, uniq_sigmund, uniq_ijyb
D:6:      layout_loops_corners, mainiacjoe_overflow_concentric_impassable,
          serial_shops, nicolae_shop_window_shopping, minmay_misc_feat_tiny
D:7:      layout_layer_cave
D:8:      layout_basic, lair_entry_dummy, enter_bailey_2
D:9:      wad_woods_minihive, layout_grid_maze, mainiacjoe_overflow_alcove_3,
          orc_0_dummy, special_room [special_room_orc]
D:10:     layout_long_grid, amcnicky_altar_gilded, minmay_statue_crystal_thing
D:11:     layout_basic, kennysheep_generic_room_10, uniq_erica
D:12:     layout_cave_pools, nicolae_uskayaw_dance_hall, uniq_nergalle
D:13:     layout_basic, serial_shops, shop
Temple:   kb_temple_of_zot

Skill      XL: |  1  2  3  4  5  6  7  8  9 10 11 |
---------------+----------------------------------+-----
Slings         | 4 5 6 8 9 11 12 13 | 13.4
Fighting       | 2 3 4 5 6 8 9 |  9.4
Dodging        | 2 3 4 5 |  5.2
Armour         | 1 2 3 5 |  5.9
Stealth        | 1 2 |  2.9

Action                   |  1- 3 |  4- 6 |  7- 9 | 10-12 || total
-------------------------+-------+-------+-------+-------++-------
Melee: Short sword       |       |     4 |       |       ||     4
 Fire: Hunting sling     |    99 |   187 |   622 |   627 ||  1535
  Use: Scroll            |     6 |     3 |    15 |     3 ||    27
       Potion            |     1 |       |     1 |       ||     2
Armor: Leather armour    |     4 |     5 |       |       ||     9
       Skin              |     1 |       |     6 |       ||     7
       Robe              |       |       |    32 |       ||    32
       Ring mail         |       |       |    84 |   110 ||   194
Dodge: Dodged            |    34 |    41 |   212 |   205 ||   492
